Map: Acid Plant LE

Players

Raze - Winner!

  • Race: Protoss Protoss
  • Spawn Location: 5:00

THERIDDLER

  • Race: Terran Terran
  • Spawn Location: 11:00

Event: WCS Montreal 2018

VOD

Have the link to the VOD?

Description

Time

  • Played on: Sept. 7, 2018, 1:01 p.m.
  • Length: 12:13

All games in this series

Show
View Real Time Build Order
Export as new Build Order

Raze Protoss - Winner!

Build Orders: 1 Gate Expand 

Get SALT Encoding   

  12  0:00  Probe  
  13  0:12  Probe  
  14  0:17  Pylon  
  14  0:23  Probe  
  15  0:31  Probe  
  16  0:37  Gateway  
  16  0:39  Probe  
  16  0:46  Assimilator  
  17  0:51  Probe  
  18  1:03  Probe  
  19  1:15  Probe  
  20  1:25  Cybernetics Core  
  20  1:32  Nexus  
  20  1:39  Pylon  
  20  1:43  Probe  
  21  1:49  Assimilator  
  21  1:52  Adept, Warp Gate  
  21  1:56  Probe  
  23  2:08  Probe  
  23  2:09  Stalker  
  24  2:21  Probe  
  27  2:33  Probe  
  27  2:36  Robotics Facility  
  28  2:47  Stalker  
  30  2:54  Gateway  
  30  2:58  Gateway  
  30  3:01  Probe  
  30  3:04  Probe  
  32  3:13  Probe  
  32  3:16  Probe  
  32  3:17  Warp Prism  
  34  3:22  Stalker  
  36  3:30  Probe  
  36  3:33  Probe  
  40  3:38  Pylon  
  40  3:42  Probe  
  40  3:45  Probe  
  42  3:54  Observer, Probe  
  44  3:57  Probe, Stalker  
  44  4:01  Stalker  
  49  4:07  Probe  
  49  4:09  Probe, Pylon  
  51  4:14  Stalker  
  51  4:17  Observer  
  54  4:27  Probe x2  
  56  4:34  Stalker x2  
  56  4:46  Probe x2  
  56  4:49  Stalker  
  56  4:51  Pylon  
  60  4:57  Observer  
  60  4:58  Probe  
  60  4:59  Twilight Council  
  61  5:03  Shield Battery  
  61  5:05  Probe  
  61  5:06  Shield Battery  
  62  5:17  Probe  
  62  5:18  Probe  
  62  5:21  Blink  
  64  5:22  Adept x3  
  64  5:25  Pylon  
  64  5:26  Assimilator  
  70  5:30  Forge  
  70  5:31  Assimilator  
  70  5:43  Nexus  
  70  5:44  Pylon  
  70  5:51  Observer, Probe x2  
  73  6:04  Probe  
  74  6:13  Adept x3  
  78  6:23  Stargate  
  76  6:26  Probe  
  77  6:38  Probe x2  
  75  6:44  Stalker x3  
  81  6:57  Void Ray  
  81  6:59  Protoss Ground Weapons Level 1  
  73  7:03  Probe x2  
  75  7:12  Probe  
  75  7:15  Probe  
  77  7:17  Probe  
  77  7:27  Probe x2  
  79  7:30  Charge  
  79  7:32  Probe  
  79  7:35  Assimilator  
  80  7:39  Probe  
  80  7:40  Assimilator  
  80  7:41  Robotics Bay  
  81  7:46  Adept x2  
  81  7:47  Adept  
  81  7:48  Probe  
  81  7:49  Probe  
  89  8:00  Probe x2  
  88  8:08  Void Ray  
  92  8:12  Probe  
  92  8:13  Probe x2  
  92  8:15  Pylon  
  92  8:18  Disruptor, Robotics Facility  
  94  8:21  Gateway  
  94  8:23  Gateway  
  94  8:24  Gateway  
  94  8:25  Probe x2  
  99  8:39  Pylon  
  99  8:42  Pylon  
  99  8:48  Adept x3  
  105  8:54  Protoss Ground Weapons Level 2  
  105  9:05  Probe x3  
  104  9:18  Stalker x3  
  104  9:19  Disruptor x2  
  116  9:31  Gateway  
  116  9:34  Gateway  
  116  9:37  Observer, Pylon x2  
  116  9:39  Pylon  
  112  9:55  Disruptor x2  
  118  10:05  Zealot x6  
  129  10:12  Nexus  
  125  10:14  Pylon x2  
  115  10:31  Disruptor x2  
  115  10:32  Probe x2  
  119  10:37  Dark Shrine  
  117  10:48  Zealot x4  
  117  10:49  Zealot x3  
  126  11:06  Disruptor x2  
  125  11:18  Zealot x3  
  125  11:19  Zealot x4  
  125  11:20  Probe x2  
  138  11:32  Probe  
  139  11:33  Pylon  
  137  11:42  Fleet Beacon  
  137  11:46  Stalker, Stargate  
  137  11:47  Stalker x6  
  142  11:54  Zealot  
  142  11:58  Probe x3  
  142  12:00  Assimilator, Pylon  
  143  12:04  Assimilator  
Show
View Real Time Build Order
Export as new Build Order

THERIDDLER Terran 

Build Orders:  

Get SALT Encoding   

  12  0:00  SCV  
  13  0:12  SCV  
  14  0:17  Supply Depot  
  14  0:25  SCV  
  15  0:38  SCV  
  15  0:39  Barracks  
  16  0:44  Refinery  
  16  0:50  SCV  
  17  1:02  SCV  
  18  1:14  SCV  
  19  1:27  Orbital Command, Marine  
  20  1:47  Barracks Reactor  
  20  1:53  Command Center  
  20  1:54  SCV  
  20  1:55  Supply Depot  
  21  2:06  Refinery  
  21  2:07  SCV  
  22  2:19  SCV, Factory  
  23  2:25  Marine x2  
  24  2:31  SCV  
  25  2:43  SCV, Marine x2  
  28  2:55  SCV  
  29  3:02  Marine x2  
  29  3:04  Starport, Widow Mine  
  33  3:07  SCV  
  33  3:09  Orbital Command  
  33  3:22  Marine x2  
  33  3:24  SCV  
  33  3:25  Refinery  
  35  3:27  Factory Tech Lab  
  35  3:36  SCV  
  35  3:38  SCV  
  37  3:43  Supply Depot  
  37  3:48  Fusion Core, SCV  
  38  3:50  SCV  
  38  3:54  Raven  
  41  3:55  Marine  
  41  4:00  SCV  
  41  4:02  SCV  
  44  4:04  Factory Tech Lab  
  44  4:11  Supply Depot  
  44  4:12  SCV  
  44  4:13  Marine  
  44  4:16  Marine  
  47  4:20  SCV  
  48  4:24  SCV  
  49  4:32  SCV  
  49  4:34  Marine x2  
  49  4:36  Siege Tank  
  49  4:37  Liberator  
  48  4:49  Advanced Ballistics  
  48  4:52  Marine x2  
  51  5:05  Supply Depot  
  51  5:10  Marine x2  
  51  5:13  Orbital Command  
  49  5:27  Supply Depot, Marine  
  49  5:28  Marine  
  51  5:29  Liberator  
  51  5:44  Supply Depot  
  51  5:45  Supply Depot  
  54  5:50  Marine x2  
  55  6:00  SCV  
  56  6:04  Orbital Command  
  56  6:06  Siege Tank  
  56  6:08  Marine x2  
  58  6:13  SCV  
  59  6:24  Liberator  
  56  6:26  Marine x2  
  54  6:39  SCV  
  53  6:43  Marine x2  
  50  7:01  Marine x2  
  52  7:09  Orbital Command  
  52  7:14  Siege Tank  
  55  7:19  Marine x2  
  57  7:34  Barracks  
  57  7:35  SCV, Barracks  
  58  7:37  Marine x2  
  58  7:38  Starport Reactor  
  58  7:39  Command Center  
  60  7:45  SCV  
  60  7:49  Supply Depot  
  61  7:55  Marine  
  61  7:56  Supply Depot  
  62  7:58  Siege Tank  
  62  8:02  Refinery x2  
  62  8:06  SCV, Marine  
  61  8:12  Marine  
  61  8:13  SCV  
  61  8:18  SCV  
  64  8:21  Medivac x2  
  64  8:24  Marine  
  64  8:25  SCV  
  64  8:26  Stimpack, Barracks Reactor  
  70  8:30  SCV  
  71  8:37  SCV  
  71  8:40  Siege Tank  
  71  8:41  Marauder  
  77  8:42  SCV  
  77  8:46  Supply Depot  
  76  8:49  SCV  
  76  8:50  Marine  
  76  8:54  SCV  
  76  8:55  Marine  
  78  8:58  SCV  
  78  9:01  SCV  
  78  9:02  Marauder  
  82  9:08  Marine x2  
  82  9:12  SCV  
  82  9:13  SCV  
  83  9:18  Marine  
  83  9:21  Orbital Command  
  83  9:23  Marauder  
  83  9:24  SCV  
  83  9:27  SCV  
  84  9:32  Marine  
  84  9:36  Marine  
  86  9:40  Medivac  
  86  9:45  Marauder  
  90  9:51  Marine x2  
  90  9:52  Medivac  
  94  10:06  Marauder  
  95  10:08  SCV x2  
  95  10:10  Marine x2  
  95  10:11  Siege Tank  
  95  10:14  Marine x2  
  98  10:20  SCV x2  
  91  10:27  Marauder, Marine  
  91  10:28  Marine  
  91  10:31  Marine  
  91  10:32  Marine  
  86  10:45  Marine x2  
  86  10:47  Combat Shield  
  86  10:49  Marauder, Siege Tank, Marine x2, Medivac x2  
  77  11:07  Marine x2  
  77  11:10  Marauder  
  68  11:19  Medivac  
  68  11:20  Marine  
  68  11:24  Orbital Command, Marine  
  72  11:29  SCV  
  72  11:31  Marine  
  72  11:32  Marauder  
  74  11:38  Marine  
  71  11:41  SCV  
Tags
 
Add a new tag
Caveats
  • Supply blocks, unpowered buildings, or Contaminate may cause inaccurate times.
  • Supply counts are checked every 10 seconds.